 Dungeon Crawl Stone Soup version 0.29.0-11-gd7f09526c8 (webtiles) character file.

Game seed: 12826473193871481529

464 SensoryNuts the Cudgeller (level 7, -6/54 HPs)
             Began as a Formicid Fighter on Sept 2, 2022.
             Mangled by an ogre
             ... wielding a +0 giant club
              (21 damage)
             ... on level 5 of the Dungeon.
             The game lasted 00:04:00 (4163 turns).

SensoryNuts the Cudgeller (Formicid Fighter)        Turns: 4163, Time: 00:04:01

Health: -6/54      AC: 12    Str: 22    XL:     7   Next: 29%
Magic:  7/7        EV:  6    Int:  8    God:
Gold:   187        SH:  5    Dex: 13    Spells: 6/6 levels left

rFire   . . .      SeeInvis +   a - +0 flail
rCold   . . .      Faith    .   c - +0 buckler
rNeg    . . .      Spirit   .   e - +0 plate armour
rPois   .          Reflect  .   (helmet unavailable)
rElec   .          Harm     .   (no cloak)
rCorr   .          Rampage  .   (no gloves)
Will    .....                   (no boots)
Stlth   ..........              (no amulet)
HPRegen 0.18/turn               (no ring)
MPRegen 0.10/turn               (no ring)

@: mighty
A: permanent stasis, dig shafts and tunnels, antennae 3, four strong arms
a: Dig, Shaft Self


You were on level 5 of the Dungeon.
You visited 1 branch of the dungeon, and saw 5 of its levels.

You collected 187 gold pieces.

Inventory:

Hand Weapons
 a - a +0 flail (weapon)
Armour
 c - a +0 buckler (worn)
 e - a +0 plate armour (worn)
Jewellery
 i - a +6 ring of strength
Scrolls
 b - a scroll of blinking {unknown}
 g - a scroll of enchant armour {unknown}
 h - a scroll of enchant weapon
 m - a scroll of fear {unknown}
Potions
 d - a potion of might
 f - 2 potions of curing
 j - a potion of ambrosia
 k - a potion of berserk rage
 l - 2 potions of brilliance
 n - a potion of flight {unknown}
 o - a potion of degeneration {unknown}


   Skills:
 + Level 4.1 Fighting
 * Level 5.6 Maces & Flails
 + Level 4.9 Armour
 + Level 0.3 Stealth
 + Level 5.1 Shields


You had 6 spell levels left.
You didn't know any spells.
Your spell library contained the following spells:

 Spells                   Type           Power      Damage    Failure   Level
 Dazzling Flash           Conj/Hex       0%         N/A       100%        3
 Ignite Poison            Fire/Tmut/Pois 0%         N/A       100%        3
 Mephitic Cloud           Conj/Pois/Air  0%         N/A       100%        3
 Corpse Rot               Necr/Pois/Air  0%         N/A       100%        4
 Dispel Undead            Necr           0%         3d6       100%        4
 Iskenderun's Mystic Bla  Conj/Tloc      0%         2d3       100%        4
 Freezing Cloud           Conj/Ice/Air   0%         6-21      100%        5
 Manifold Assault         Tloc           0%         N/A       100%        5
 Death Channel            Necr           0%         N/A       100%        6
 Starburst                Conj/Fire      0%         6d3       100%        6
 Storm Form               Tmut/Air       0%         N/A       100%        7
 Blink                    Tloc           Unusable   N/A       N/A         2

Dungeon Overview and Level Annotations

Branches:
Dungeon (5/15)
 Temple: D:4-7

Altars:
Kikubaaqudgha
Ru

Shops:
D:2 =   D:3 [


Innate Abilities, Weirdness & Mutations

You cannot be hasted, slowed, berserked, paralysed or teleported.
You can dig through walls and to a lower floor.
You have a pair of large antennae on your head. (SInv)
Your four strong arms can wield two-handed weapons with a shield.


Message History

You are too injured to fight recklessly!
You are too injured to fight recklessly!
You are too injured to fight recklessly!
You are too injured to fight recklessly!
You are too injured to fight recklessly!
You are too injured to fight recklessly!
Unknown command.
You feel better. The adder bites you but does no damage.
The ogre attacks as you move away! You block the ogre's attack.
The adder barely misses you.
You feel very mighty all of a sudden. The adder bites you but does no damage.
You closely miss the adder.
The adder is lightly wounded.
The adder bites you.
You are poisoned.
The adder poisons you! The adder bites you but does no damage.
You closely miss the adder.
The adder is lightly wounded.
You feel sick. The adder bites you but does no damage.
You miss the adder.
The adder is lightly wounded.
You feel sick.
The adder bites you but does no damage. x2
You thump the adder!
You kill the adder!
You feel sick.
You closely miss the ogre.
You feel sick. The ogre barely misses you.
You hit the ogre.
The ogre is moderately wounded.
You feel sick.
You are no longer poisoned.
The ogre hits you but does no damage.
You sock the ogre!
The ogre is severely wounded.
The ogre hits you with a +0 giant club!
* * * LOW HITPOINT WARNING * * *
You sock the ogre!
The ogre is almost dead.
The ogre hits you with a +0 giant club!!
You die...

#.....#
#......#
#.....#
#).....#
#.....#
#......#
#######
######......#
#...........#
#.#####.#####
#.........
#.≈≈≈≈≈≈≈≈≈.
#@≈.......≈...
#O≈.♣♣♣.♣.≈.##
########.≈.♣
..♣?≈.#
.........≈.♣
_.♣.≈..
.........≈.♣
...?.....≈.♣
.........≈...
...(.....≈≈≈≈≈≈
######.........


You could see an ogre.

Vanquished Creatures
  Menkaure (D:4)
  A phantom (D:4)
  Terence (D:2)
  Natasha (thrice) (D:2)
  An orc wizard (D:4)
  3 gnolls (D:4)
  4 adders
  6 orcs
  7 ball pythons
  9 endoplasms
  2 giant cockroaches
  4 goblins
  3 hobgoblins
  2 jackals (D:3)
  2 quokkas
  2 bats (D:3)
  5 frilled lizards
  8 kobolds
  3 rats
67 creatures vanquished.

Vanquished Creatures (others)
  An orc wizard (D:4)
1 creature vanquished.

Grand Total: 68 creatures vanquished

Notes
Turn   | Place    | Note
-------+----------+-------------------------------------------
     0 | D:1      | SensoryNuts the Formicid Fighter began the quest for the
                  | Orb.
     0 | D:1      | Reached XP level 1. HP: 18/18 MP: 1/1
   430 | D:1      | Reached XP level 2. HP: 24/24 MP: 2/2
   470 | D:1      | Found a faded altar of an unknown god.
   992 | D:2      | Reached XP level 3. HP: 29/29 MP: 3/3
  1149 | D:2      | Noticed Natasha
  1155 | D:2      | Killed Natasha
  1156 | D:2      | Reached XP level 4. HP: 35/37 MP: 4/4
  1176 | D:2      | Noticed Natasha
  1191 | D:2      | Killed Natasha
  1341 | D:2      | Noticed Natasha
  1352 | D:2      | Killed Natasha
  1353 | D:2      | Reached XP level 5. HP: 27/42 MP: 5/5
  1568 | D:2      | Found Fugib's Jewellery Shoppe.
  1799 | D:2      | Noticed Terence
  1809 | D:2      | Killed Terence
  2159 | D:3      | Found a sacrificial altar of Ru.
  2276 | D:3      | Found Xatium's Armour Emporium.
  2315 | D:3      | You fall into a shaft and drop 1 floor!
  2880 | D:4      | Reached XP level 6. HP: 20/48 MP: 6/6
  3520 | D:4      | Noticed Menkaure
  3528 | D:4      | Killed Menkaure
  3529 | D:4      | Reached skill level 5 in Maces & Flails
  3529 | D:4      | Reached skill level 5 in Shields
  3529 | D:4      | Reached XP level 7. HP: 44/54 MP: 7/7
  4084 | D:5      | Entered Level 5 of the Dungeon
  4129 | D:5      | Found an ancient bone altar of Kikubaaqudgha.
  4163 | D:5      | Mangled by an ogre

Illustrated notes

Levels and vault maps discovered:
D:1:      dpeg_arrival_oval, layout_loops_ring,
          hellmonk_ecumenical_altar_run_dry
D:2:      layout_basic, serial_shops, shop, grunt_decor_resistance,
          kennysheep_generic_room_7, uniq_natasha, uniq_terence
D:3:      layout_rooms, nicolae_overflow_crystal_walls, serial_shops,
          shop_statue, nrook_loot_triangle
D:4:      layout_loops_corners, uniq_menkaure
D:5:      layout_basic, mainiacjoe_overflow_brackets,
          minmay_temple_entry_drinking_statues

Skill      XL: |  1  2  3  4  5  6 |
---------------+-------------------+-----
Maces & Flails | 3 4 5 |  5.6
Armour         | 4 |  4.9
Fighting       | 4 |  4.1
Shields        | 5 |  5.1
Stealth        | |  0.3

Action                   |  1- 3 |  4- 6 |  7- 9 || total
-------------------------+-------+-------+-------++-------
Melee: Flail             |    44 |   165 |    34 ||   243
  Use: Scroll            |       |     9 |       ||     9
       Potion            |       |     1 |     2 ||     3
Armor: Plate armour      |    21 |   104 |    20 ||   145
Dodge: Dodged            |    10 |    35 |     8 ||    53
Block: Buckler           |     9 |    41 |     5 ||    55
